AoeStats
← blackbarto

Scandinavia

510568177Analyzed
1v1 RM · 2d ago on Oct 1, 2026· 36m 2s· 2 players
Game mode
Random Map
Map size
Tiny (2 player)
Population
200
Speed
Normal
Resources
Standard
Victory
Conquest
Starting age
Dark Age
Ending age
Imperial Age
RankedLock teamsTeams togetherTeam positionsShared explorationLock speedFull tech treeHidden civsTurbo modeCheats
Victory
Defeat
🇮🇹 Ethiopians · Italy
893
+17
🇺🇸 Varangians · United States
905
-17
blackbarto
8:33 Loom
11:50 Feudal Age
13:01 Double-Bit Axe
14:53 Fletching
25:05 Castle Age
24:57 Forging
24:53 Scale Barding Armor
24:49 Padded Archer Armor
25:07 Stone Mining
25:10 Gold Mining
27:28 Bow Saw
27:12 Horse Collar
27:41 Husbandry
IRIISH_HOUND
9:41 Loom
12:15 Feudal Age
17:25 Castle Age
16:23 Fletching
25:04 Padded Archer Armor
26:41 Leather Archer Armor
26:57 Elite Skirmisher
28:02 Bodkin Arrow
29:49 Scale Mail Armor
31:13 Scale Barding Armor
35:36 Murder Holes
Connection lost

Rejoining the realm…

Still unreachable

The connection could not be restored.

Session expired

The server has moved on; the page needs a fresh start.